 Dungeon Crawl Stone Soup version 0.21-a0-509-gecc5317 (webtiles) character file.

2335 theanonym the Carver (level 9, 0/61 HPs)
             Began as a Halfling Fighter on Nov 29, 2017.
             Was a Believer of Okawaru.
             Slain by a six-headed hydra (7 damage)
             ... on level 6 of the Dungeon.
             The game lasted 00:13:16 (6216 turns).

theanonym the Carver (Halfling Fighter)             Turns: 6216, Time: 00:13:17

Health: 0/61       AC: 12    Str: 20    XL:     9   Next: 70%
Magic:  11/11      EV:  7    Int:  6    God:    Okawaru [**....]
Gold:   338        SH: 10    Dex: 14    Spells: 7/8 levels left

rFire    . . .     SeeInvis +   a - +4 scimitar
rCold    . . .     Gourm    .   c - +0 shield
rNeg     . . .     Faith    .   l - +0 chain mail
rPois    .         Spirit   .   n - +2 helmet
rElec    .         Reflect  .   (no cloak)
rCorr    .         Harm     .   (no gloves)
MR       .....                  (no boots)
Stlth    ..........             (no amulet)
HPRegen  0.20/turn              (no ring)
MPRegen  0.12/turn              o - ring of see invisible {sInv}

@: no status effects
A: small, mutation resistance 1
a: Heroism, Renounce Religion


Innate Abilities, Weirdness & Mutations

You are small and have problems with some larger weapons.
You are somewhat resistant to further mutation.


   Skills:
 + Level 5.1 Fighting
 * Level 11.0 Long Blades
 - Level 3.2 Armour
 - Level 3.2 Shields
 - Level 3.1 Invocations


You had 7 spell levels left.
You knew the following spells:

 Your Spells              Type           Power        Failure   Level  Hunger
a - Apportation           Tloc           #.....       100%        1    ##.....

Skill      XL: |  1  2  3  4  5  6  7  8  9 |
---------------+----------------------------+-----
Long Blades    | 3 4 5 6 8 9 11 | 11.0
Invocations    | 1 3 |  3.1
Fighting       | 3 5 |  5.1
Armour         | |  3.2
Shields        | |  3.2

Action                   |  1- 3 |  4- 6 |  7- 9 || total
-------------------------+-------+-------+-------++-------
Melee: Long sword        |    91 |   166 |   229 ||   486
       Scimitar          |       |       |    62 ||    62
Invok: Heroism           |       |       |     4 ||     4
Evoke: Wand              |       |       |     6 ||     6
  Use: Scroll            |       |     5 |     4 ||     9
       Potion            |       |     1 |     5 ||     6
  Eat: Chunk             |     1 |     5 |    11 ||    17
Armor: Scale mail        |    31 |    60 |       ||    91
       Chain mail        |       |     4 |   128 ||   132
Dodge: Dodged            |    19 |    36 |    69 ||   124
Block: Shield            |    38 |    82 |   131 ||   251
       Rpst.: Long sword |     5 |    13 |     7 ||    25
       Scimitar          |       |       |     3 ||     3

Inventory:

Hand Weapons
 a - a +4 scimitar (weapon)
   (You took it off a wight on level 6 of the Dungeon)
Missiles
 i - 7 poisoned needles
Armour
 b - a +0 scale mail
 c - a +0 shield (worn)
 l - a +0 chain mail (worn)
   (You found it on level 4 of the Dungeon)
 n - a +2 helmet (worn)
   (You found it on level 3 of the Dungeon)
Jewellery
 g - a cursed amulet of inaccuracy {unknown}
   (You found it on level 6 of the Dungeon)
 k - an uncursed ring of ice {rC+, rF-}
   (You found it on level 3 of the Dungeon)
 o - a ring of see invisible (right hand) {sInv}
   (You found it on level 3 of the Dungeon)
Wands
 d - a wand of random effects (20)
   (You took it off Duvessa on level 4 of the Dungeon)
 p - a wand of polymorph (5)
   (You found it on level 4 of the Dungeon)
 v - a wand of acid (1)
   (You found it on level 6 of the Dungeon)
Scrolls
 h - a scroll of enchant armour
 s - a scroll of enchant weapon
 t - 3 scrolls of remove curse
 y - 2 scrolls of magic mapping {!r}
Potions
 e - a potion of flight
 j - 2 potions of magic
 x - a potion of ambrosia {unknown}
Comestibles
 f - 3 bread rations
 m - 5 meat rations
 q - 3 fruits
 B - a royal jelly

Dungeon Overview and Level Annotations

Branches:
Dungeon (6/15)             Temple (0/1) D:5

Altars:
Fedhas
Gozag
Makhleb
Okawaru
Qazlal
Ru
Sif Muna
Xom
Yredelemnul
Zin
The Shining One

Annotations:
D:3 1 exclusion


You were on level 6 of the Dungeon.
You worshipped Okawaru.
Okawaru was pleased with you.
You were hungry.

You visited 1 branch of the dungeon, and saw 6 of its levels.

You collected 338 gold pieces.


Message History

Okawaru accepts your kill.
You slash the orc wizard!
The orc wizard points at you and mumbles some strange words.
The puff of frost hits you!
* * * LOW HITPOINT WARNING * * *
You take 10 damage, and have 24/61 hp.
You closely miss the orc wizard.
You feel like a meek peon again.
The orc wizard hits you but does no damage.
Unknown command.
Unknown command.
Unknown command.
You slash the orc wizard!
You kill the orc wizard!
Okawaru accepts your kill. You block the wyvern zombie's attack.
You slash the wyvern zombie! The wyvern zombie bites you!
* * * LOW HITPOINT WARNING * * *
You take 8 damage, and have 16/61 hp.
You feel agile all of a sudden. The wyvern zombie bites you.
* * * LOW HITPOINT WARNING * * *
You take 5 damage, and have 11/61 hp.
You hit the wyvern zombie. The wyvern zombie misses you.
You riposte.
You slash the wyvern zombie! You hit the wyvern zombie.
The wyvern zombie bites you.
* * * LOW HITPOINT WARNING * * *
The wyvern zombie bites you.
* * * LOW HITPOINT WARNING * * *
A six-headed hydra comes into view.
You take 8 damage, and have 3/61 hp.
Okay, then.
You feel better.
The six-headed hydra roars!
The wyvern zombie bites you.
* * * LOW HITPOINT WARNING * * *
You regained 9 hp, and now have 12/61 hp.
You hit the wyvern zombie but do no damage.
The wyvern zombie completely misses you.
You hit the wyvern zombie.
You destroy the wyvern zombie!
Okawaru accepts your kill.
The crimson imp grins evilly.
The crimson imp blinks!
The crimson imp blinks!
You slice the crimson imp!!
You kill the crimson imp!
Okawaru accepts your kill.
Your Long Blades skill increases to level 11!
The worker ant bites you but does no damage.
Aim: a worker ant (heavily wounded)
The worker ant seems to slow down.
The worker ant bites you.
* * * LOW HITPOINT WARNING * * *
You take 1 damage, and have 13/61 hp.
You barely miss the worker ant. You hit the worker ant.
You block the worker ant's attack.
You hit the worker ant. The worker ant barely misses you.
You barely miss the worker ant.
You are feeling hungry.
There is an open door here.
Okay, then.
Okay, then.
Unknown command.
Okay, then.
The six-headed hydra bites you but does no damage.
The six-headed hydra closely misses you.
The six-headed hydra bites you.
* * * LOW HITPOINT WARNING * * *
You block the six-headed hydra's attack. x2
The six-headed hydra bites you.
* * * LOW HITPOINT WARNING * * *
You take 7 damage, and have 12/61 hp.
All of the chunks of flesh in your inventory have rotted away.
You feel a little less agile now.
There is a stone staircase leading up here.
The six-headed hydra bites you but does no damage.
The six-headed hydra bites you.
* * * LOW HITPOINT WARNING * * *
The six-headed hydra closely misses you.
The six-headed hydra bites you!
* * * LOW HITPOINT WARNING * * *
The six-headed hydra bites you.
* * * LOW HITPOINT WARNING * * *
You block the six-headed hydra's attack.
You take 13 damage, and have 5/61 hp.
MASSIVE DAMAGE!!
Unknown command.
Unknown command.
As you read the scroll labeled UTRARAW CIJYONE, it crumbles to dust.
You feel aware of your surroundings.
It was a scroll of magic mapping.
y - 2 scrolls of magic mapping The six-headed hydra bites you but does no damage.
The six-headed hydra barely misses you.
The six-headed hydra bites you but does no damage.
The six-headed hydra closely misses you.
The six-headed hydra bites you but does no damage.
The six-headed hydra barely misses you. You block the jelly's attack.
It was a potion of cancellation.
You feel magically purged. You block the jelly's attack.
The six-headed hydra barely misses you. The six-headed hydra bites you!
You die...

### ### ###
#.#######**#######.######.#######
#........,,........#.............
#.################.#.###########.
......................#......###.
#.#..............###..#.####..##.
#.#.......######.Doa..#...#......
#.#..####.######@####.#...#......
#.#..#.........#J#....#..####...#
#.#..#.##.####.#.#.#.o#...#...(..
#.#..#.#.......#.#.#.a##..#.))#..
#.####.#########.#.#.<##..###)#≈#
#..............>........#.....#..
######..................#.....#..
# #...........#.#.####...##### #
#.###########.#....#.....#_.


You could see a six-headed hydra, a jelly, a worker ant and an orc.

Notes
Turn   | Place    | Note
-------+----------+-------------------------------------------
     0 | D:1      | theanonym the Halfling Fighter began the quest for the Orb.
     0 | D:1      | Reached XP level 1. HP: 15/15 MP: 1/1
    63 | D:1      | Reached XP level 2. HP: 16/20 MP: 2/2
   239 | D:1      | Reached skill level 3 in Long Blades
   506 | D:2      | Reached XP level 3. HP: 14/25 MP: 3/3
   983 | D:2      | HP: 12/25 [worm (6)]
  1166 | D:2      | Reached skill level 4 in Long Blades
  1166 | D:2      | Reached XP level 4. HP: 29/30 MP: 4/4
  1298 | D:2      | Found a blossoming altar of Fedhas.
  1346 | D:2      | HP: 15/30 [poisoned by an adder]
  1351 | D:2      | HP: 12/30 [poisoned by an adder]
  1356 | D:2      | HP: 11/30 [poisoned by an adder]
  1363 | D:2      | HP: 9/30 [poisoned by an adder]
  1371 | D:2      | HP: 8/30 [poisoned by an adder]
  1766 | D:3      | Reached XP level 5. HP: 30/35 MP: 5/5
  1778 | D:3      | Reached skill level 5 in Long Blades
  1903 | D:3      | Found a shimmering altar of Xom.
  1944 | D:3      | Found an iron altar of Okawaru.
  1966 | D:3      | Found an opulent altar of Gozag.
  1969 | D:3      | Became a worshipper of Warmaster Okawaru
  2067 | D:3      | Reached XP level 6. HP: 34/41 MP: 6/6
  2175 | D:3      | Learned a level 1 spell: Apportation
  2226 | D:3      | Reached skill level 6 in Long Blades
  2444 | D:3      | HP: 20/41 [orc wizard/magic dart (4)]
  2561 | D:3      | Found a stormy altar of Qazlal.
  2617 | D:3      | Found a deep blue altar of Sif Muna.
  2729 | D:4      | Found a sacrificial altar of Ru.
  2984 | D:4      | Reached XP level 7. HP: 42/45 MP: 7/7
  3082 | D:4      | Noticed Duvessa
  3082 | D:4      | Noticed Dowan
  3098 | D:4      | Killed Duvessa
  3098 | D:4      | Reached skill level 7 in Long Blades
  3106 | D:4      | Killed Dowan
  3106 | D:4      | Reached * piety under Okawaru
  3168 | D:4      | Found a burning altar of Makhleb.
  3168 | D:4      | Noticed a green death
  3172 | D:4      | Found a glowing silver altar of Zin.
  3172 | D:4      | Noticed an angel
  3270 | D:4      | Reached skill level 8 in Long Blades
  3867 | D:5      | Entered Level 5 of the Dungeon
  3933 | D:5      | Reached skill level 1 in Invocations
  3939 | D:5      | HP: 21/45 [orc wizard/puff of flame (7)]
  4049 | D:5      | Found a staircase to the Ecumenical Temple.
  4060 | D:5      | Reached XP level 8. HP: 51/51 MP: 9/9
  4325 | D:5      | Reached skill level 2 in Invocations
  4535 | D:5      | Reached skill level 3 in Invocations
  4798 | D:5      | Found a basalt altar of Yredelemnul.
  5057 | D:6      | Found a glowing golden altar of the Shining One.
  5094 | D:6      | Reached skill level 3 in Fighting
  5094 | D:6      | Reached skill level 9 in Long Blades
  5590 | D:6      | Found a sacrificial altar of Ru.
  5642 | D:6      | Reached XP level 9. HP: 40/58 MP: 11/11
  5787 | D:6      | Reached skill level 4 in Fighting
  5791 | D:6      | Reached skill level 10 in Long Blades
  6110 | D:6      | Reached ** piety under Okawaru
  6125 | D:6      | Reached skill level 5 in Fighting
  6128 | D:6      | HP: 24/61 [orc wizard/puff of frost (10)]
  6132 | D:6      | HP: 11/61 [wyvern zombie (6)]
  6134 | D:6      | HP: 3/61 [wyvern zombie (5)]
  6135 | D:6      | Noticed a six-headed hydra
  6143 | D:6      | Reached skill level 11 in Long Blades
  6146 | D:6      | HP: 13/61 [worker ant (1)]
  6176 | D:6      | HP: 14/61 [six-headed hydra (5)]
  6206 | D:6      | HP: 15/61 [six-headed hydra (3)]
  6206 | D:6      | HP: 6/61 [six-headed hydra (9)]
  6216 | D:6      | Slain by a six-headed hydra

Vanquished Creatures
  Duvessa (D:4)
  An orc warrior (D:6)
  A black bear (D:6)
  2 ogres
  A phantom (D:6)
  7 bullfrogs
  A wyvern zombie (D:6)
  Dowan (D:4)
  3 scorpions
  5 wights (D:6)
  A howler monkey (D:3)
  2 crimson imps (D:6)
  2 hounds
  A bullfrog skeleton (D:5)
  3 orc priests
  A jelly (D:6)
  7 orc wizards
  An iguana (D:5)
  4 worker ants
  A killer bee zombie (D:6)
  A hound skeleton (D:5)
  3 gnolls
  6 adders
  A shadow imp (D:5)
  An ooze (D:5)
  An adder skeleton (D:6)
  3 worms
  3 dart slugs
  5 leopard geckos
  11 orcs
  A ball python (D:1)
  2 bats (D:2)
  5 giant cockroaches
  2 gnoll zombies (D:5)
  13 goblins
  6 hobgoblins
  3 jackals
  3 quokkas
  2 frilled lizards (D:2)
  10 kobolds
  5 rats
133 creatures vanquished.
